 Dungeon Crawl Stone Soup version 0.25.1-2-g60ff931df9 (webtiles) character file.

Game seed: 15356439845448205035

254 DogServant the Bolt Thrower (level 6, 0/44 HPs)
             Began as a Formicid Hunter on Nov 10, 2020.
             Slain by an orc wizard
             ... wielding a +0 dagger
              (2 damage)
             ... on level 3 of the Dungeon.
             The game lasted 00:06:20 (3727 turns).

DogServant the Bolt Thrower (Formicid Hunter)       Turns: 3727, Time: 00:06:20

Health: 0/44       AC:  4    Str: 19    XL:     6   Next: 38%
Magic:  0/6        EV: 12    Int: 10    God:
Gold:   80         SH:  0    Dex: 11    Spells: 5/5 levels left

rFire    . . .     SeeInvis +   a - +2 hand crossbow
rCold    . . .     Gourm    .   (no shield)
rNeg     + . .     Faith    .   c - +1 leather armour
rPois    .         Spirit   +   (helmet unavailable)
rElec    .         Reflect  .   (no cloak)
rCorr    +         Harm     .   (no gloves)
MR       .....                  (no boots)
Stlth    ++........             e - amulet of guardian spirit
HPRegen  0.14/turn              g - ring of positive energy
MPRegen  0.10/turn              h - ring of resist corrosion

@: mighty
A: permanent stasis, dig shafts and tunnels, four strong arms, antennae 3
a: Dig, Shaft Self


You were on level 3 of the Dungeon.
You were not hungry.

You visited 1 branch of the dungeon, and saw 4 of its levels.

You collected 80 gold pieces.

Inventory:

Hand Weapons
 a - a +2 hand crossbow (weapon)
 u - a +0 trident
Missiles
 d - 76 bolts (quivered)
Armour
 c - a +1 leather armour (worn)
 m - a +0 pair of boots
Jewellery
 e - an amulet of guardian spirit (around neck)
 g - a ring of positive energy (left hand)
 h - a ring of resist corrosion (right hand)
 t - an uncursed ring of wizardry
Scrolls
 n - 3 scrolls of identify
 o - a scroll of amnesia {unknown}
 s - 3 scrolls of noise {unknown}
Potions
 i - a potion of resistance
 j - a potion of haste
 l - a potion of lignification {unknown}
 p - a potion of ambrosia {unknown}
 q - 3 potions of invisibility {unknown}
 r - 4 potions of curing {unknown}
Comestibles
 b - 4 chunks of flesh
 f - 5 rations


   Skills:
 - Level 2.2 Fighting
   Level 0.7 Short Blades
 + Level 3.4 Polearms
 + Level 5.8 Crossbows
 - Level 2.0 Dodging
 - Level 2.0 Stealth


You had 5 spell levels left.
You didn't know any spells.
Your spell library was empty.

Dungeon Overview and Level Annotations

Branches:
Dungeon (4/15)
 Temple: D:4-7

Altars:
Gozag
Uskayaw


Innate Abilities, Weirdness & Mutations

You cannot be hasted, slowed, berserked, paralysed or teleported.
You can dig through walls and to a lower floor.
Your four strong arms can wield two-handed weapons with a shield.
You have a pair of large antennae on your head. (SInv)


Message History

Firing (i - inventory)
d - 77 bolts (quivered)
Press: ? - help, Shift-Dir - straight line, f/p - orc wizard
Aim: an orc wizard, wielding a +0 dagger and wearing a +0 robe (moderately wounded, fast)
You shoot a bolt. The bolt closely misses the orc wizard.
The orc wizard casts a spell.
The orc wizard blinks!
The orc wizard hits you but does no damage.
The orc wizard gestures at you while chanting.
The puff of frost hits you!
* * * LOW HITPOINT WARNING * * *
It was a potion of haste.
Your stasis prevents you from being hasted.
The orc wizard hits you with a +0 dagger.
* * * LOW HITPOINT WARNING * * *
It was a potion of might.
You feel very mighty all of a sudden.
The orc wizard hits you with a +0 dagger.
* * * LOW HITPOINT WARNING * * *
The orc wizard hits you with a +0 dagger.
You die...

#.###..# #.##.#.
###.###..#####.##.<.
#.....#........##.#.
#####.#.#.#.###.#####...
#....>......###.#####...
#.###.#.#........)......
#.# #......####)##.#.#..
#.# ###o##)####....#.#..
#.# #@##)##...........
#.# #o##.##.########..
#.# #..#.##.# #.#
#.######.#.##.# #..
#.....)....##.# ###
########.####.#
#.......# #.# #.#######
#.# #.# #.#


You could see 2 orc wizards.

Vanquished Creatures
  A sky beast (D:2)
  Robin (D:3)
  3 adders
  2 oozes
  2 dart slugs (D:1)
  4 leopard geckos
  11 orcs (D:3)
  3 giant cockroaches (D:3)
  12 hobgoblins
  11 jackals
  2 quokkas (D:3)
  5 bats
  5 frilled lizards
  12 goblins
  10 kobolds
  10 rats
94 creatures vanquished.

Notes
Turn   | Place    | Note
-------+----------+-------------------------------------------
     0 | D:1      | DogServant the Formicid Hunter began the quest for the Orb.
     0 | D:1      | Reached XP level 1. HP: 16/16 MP: 1/1
    38 | D:1      | Reached XP level 2. HP: 9/22 MP: 2/2
   552 | D:1      | Reached XP level 3. HP: 24/27 MP: 3/3
  1144 | D:2      | Found a hide-covered altar of Uskayaw.
  1340 | D:2      | Noticed a sky beast
  1400 | D:2      | Reached skill level 1 in Polearms
  1415 | D:2      | Killed a sky beast
  1415 | D:2      | Reached skill level 5 in Crossbows
  1415 | D:2      | Reached XP level 4. HP: 24/33 MP: 2/4
  1415 | D:2      | Reached XP level 5. HP: 28/38 MP: 2/5
  1704 | D:2      | Found an opulent altar of Gozag.
  2409 | D:3      | Noticed Robin
  2418 | D:3      | Killed Robin
  2795 | D:3      | Reached XP level 6. HP: 44/44 MP: 6/6
  3727 | D:3      | HP: 2/44 [orc wizard/+0 dagger (2)]
  3727 | D:3      | Slain by an orc wizard

Illustrated notes

Levels and vault maps discovered:
D:1:      dpeg_arrival_shelter, layout_rooms
D:2:      layout_basic, nicolae_gozag_seed_capital, lemuel_doored_altar
D:3:      layout_loops_ring, portal_sewer_entry_b, uniq_robin
D:4:      minmay_angry_zag, layout_rooms, first_ration, minmay_misc_feat_cross,
          hangedman_feature_mirror, serial_bayou_pond_b, uniq_edmund

Skill      XL: |  1  2  3  4  5 |
---------------+----------------+-----
Dodging        | 2 |  2.0
Stealth        | 2 |  2.0
Polearms       | 2 3 |  3.4
Crossbows      | 5 |  5.8
Fighting       | |  2.2
Short Blades   | |  0.7

Action                   |  1- 3 |  4- 6 || total
-------------------------+-------+-------++-------
Melee: Short sword       |    47 |       ||    47
       Whip              |    41 |       ||    41
       Spear             |     8 |   121 ||   129
       Trident           |       |    53 ||    53
 Fire: Hand crossbow     |    16 |    33 ||    49
  Use: Scroll            |     7 |       ||     7
       Potion            |       |     2 ||     2
 Stab: Sleeping          |     1 |     2 ||     3
  Eat: Chunk             |     1 |     8 ||     9
Armor: Leather armour    |    26 |    40 ||    66
Dodge: Dodged            |    72 |   122 ||   194
